 Dungeon Crawl Stone Soup version 0.25.0-37-gb73750e0fb (webtiles) character file.

Game seed: 10304336004322272800

72 MisterFreud the Chiller (level 4, 35/35 HPs)
             Began as a Demonspawn Ice Elementalist on July 8, 2020.
             Got out of the dungeon alive.
             The game lasted 00:03:55 (1724 turns).

MisterFreud the Chiller (DsIE)                      Turns: 1724, Time: 00:03:56

Health: 35/35      AC:  2    Str:  9    XL:     4   Next: 6%
Magic:  3/7        EV: 12    Int: 17    God:
Gold:   93         SH:  0    Dex: 13    Spells: 3/7 levels left

rFire    . . .     SeeInvis .   o - +0 short sword
rCold    . . .     Gourm    .   (no shield)
rNeg     . . .     Faith    .   a - +0 robe
rPois    .         Spirit   .   (no helmet)
rElec    .         Reflect  .   (no cloak)
rCorr    .         Harm     .   (no gloves)
MR       .....                  (no boots)
Stlth    ++........             e - amulet of regeneration
HPRegen  0.51/turn              (no ring)
MPRegen  0.10/turn              (no ring)

@: no status effects
A: foul stench 1, powered by pain 1, rot immunity
a: no special abilities


You escaped.
You were not hungry.

You visited 1 branch of the dungeon, and saw 2 of its levels.

You collected 93 gold pieces.

Inventory:

Hand Weapons
 o - a +0 short sword (weapon)
Armour
 a - a +0 robe (worn)
Jewellery
 e - an amulet of regeneration (around neck)
Scrolls
 d - a scroll of teleportation {unknown}
 i - 2 scrolls of remove curse {unknown}
 j - a scroll of enchant weapon {unknown}
 l - a scroll of magic mapping {unknown}
 m - a scroll of identify {unknown}
 n - 2 scrolls of blinking {unknown}
Potions
 b - 2 potions of might {unknown}
 g - a potion of curing {unknown}
 h - a potion of brilliance {unknown}
 k - a potion of mutation {unknown}
Comestibles
 c - 2 rations
 f - 2 chunks of flesh


   Skills:
 - Level 3.0 Fighting
 - Level 1.7 Dodging
 - Level 1.7 Stealth
 + Level 2.4 Spellcasting
 + Level 3.9 Ice Magic


You had 3 spell levels left.
You knew the following spells:

 Your Spells              Type           Power        Failure   Level  Hunger
a - Freeze                Ice            ###.         3%          1    #......
b - Frozen Ramparts       Ice            ###...       11%         3    ###....

Your spell library contained the following spells:

 Spells                   Type           Power        Failure   Level  Hunger
 Ozocubu's Armour         Chrm/Ice       #.......     26%         3    ###....
 Hailstorm                Conj/Ice       #.......     63%         4    #####..
 Summon Ice Beast         Ice/Summ       #.......     63%         4    #####..


Dungeon Overview and Level Annotations

Branches:
Dungeon (2/15)

Altars:


Innate Abilities, Weirdness & Mutations

You may emit foul miasma when damaged in melee.
You sometimes gain a little power by taking damage.
You are immune to rotting.


Message History

You eat one of the 3 chunks of flesh.
This raw flesh tastes terrible.
(D) Dungeon
Where to? (Enter - D:1 @ (x,y), ? - help)
Okay, then.
Unknown command.
The frozen ramparts melt away.
b - 2 fuming white potions (gained 1) HP restored.
There is a stone staircase leading up here.
You climb upwards.
There is a stone staircase leading down here.
(D) Dungeon
Where to? (Enter - D:2 @ (x,y), ? - help)
Okay, then.
Unknown command.
Your magical contamination has completely faded away.
There is an open door here.
There is a staircase leading out of the dungeon here.
Are you sure you want to leave the Dungeon?
This will make you lose the game!
You have escaped!

.#.###..#####.#####..............
.#.###..#...#.#...#..............
.#.#....#...#.'...#..#...........
.#.#....#...#.#...#.)#.......####
...#....##'##.#####..#.......#
...#.................#.......#
........#####.##'##..#.......#
........#...#.#...#..#.......#
........#.>.'.#.@.#..#.......#
##......#...#.#...#..#.......#
##......#####.#####..#.......#
.....................####...##
..........#..........####...##
........#.#.####.............#
.#......#...# #.............#
......#.##..####.............##
.....##.....#.................#


There were no monsters in sight!

Vanquished Creatures
  2 adders (D:2)
  4 dart slugs
  2 leopard geckos (D:1)
  3 giant cockroaches
  5 goblins
  3 hobgoblins
  7 kobolds (D:1)
  2 quokkas (D:2)
  6 bats
  3 frilled lizards
  7 rats
44 creatures vanquished.

Notes
Turn   | Place    | Note
-------+----------+-------------------------------------------
     0 | D:1      | MisterFreud the Demonspawn Ice Elementalist began the quest
                  | for the Orb.
     0 | D:1      | Reached XP level 1. HP: 13/13 MP: 3/3
   111 | D:1      | Reached skill level 1 in Fighting
   283 | D:2      | Gained mutation: You are immune to rotting. [demonic
                  | ancestry]
   283 | D:2      | Reached XP level 2. HP: 20/22 MP: 0/5
   872 | D:1      | Gained mutation: You may emit foul miasma when damaged in
                  | melee. [demonic ancestry]
   872 | D:1      | Reached XP level 3. HP: 28/28 MP: 3/6
  1460 | D:2      | Learned a level 3 spell: Frozen Ramparts
  1687 | D:2      | Gained mutation: You sometimes gain a little power by
                  | taking damage. [demonic ancestry]
  1687 | D:2      | Reached XP level 4. HP: 30/35 MP: 0/7
  1724 | D:$      | Got out of the dungeon alive.

Illustrated notes

Levels and vault maps discovered:
D:1:      minmay_arrival_four_houses, layout_basic
D:2:      layout_loops_ring

Skill      XL: |  1  2  3 |
---------------+----------+-----
Fighting       | 1 2 3 |  3.0
Dodging        | |  1.7
Stealth        | |  1.7
Spellcasting   | |  2.4
Ice Magic      | |  3.9

Action                   |  1- 3 |  4- 6 || total
-------------------------+-------+-------++-------
Melee: Unarmed           |    17 |       ||    17
       Short sword       |     6 |       ||     6
 Cast: Freeze            |    59 |       ||    59
       Frozen Ramparts   |     2 |       ||     2
 Stab: Sleeping          |     4 |       ||     4
  Eat: Chunk             |     3 |     1 ||     4
Armor: Robe              |    13 |       ||    13
Dodge: Dodged            |    55 |       ||    55
